 Dungeon Crawl Stone Soup version 0.30-a0-715-gdb4ae3ece1 (webtiles) character file.

Game seed: 17585745456616006723

172 Darius099 the Ruffian (level 5, -4/53 HPs)
             Began as a Troll Monk on Jan 25, 2023.
             Slain by Robin
             ... wielding a +0 club
              (5 damage)
             ... on level 3 of the Dungeon.
             The game lasted 00:02:29 (1987 turns).

Darius099 the Ruffian (Troll Monk)                  Turns: 1987, Time: 00:02:30

Health: -4/53      AC:  5    Str: 19    XL:     5   Next: 27%
Magic:  4/4        EV: 10    Int:  6    God:
Gold:   43         SH:  0    Dex: 14    Spells: 4/4 levels left

rFire   . . .      SeeInvis .      - Unarmed
rCold   . . .      Faith    .    (no shield)
rNeg    . . .      Spirit   .    a - +0 robe
rPois   .          Reflect  .    (helmet restricted)
rElec   .          Harm     .    p - +0 cloak
rCorr   .          Rampage  .    (gloves unavailable)
Will    .....                    (boots unavailable)
Stlth   ++                       (no amulet)
HPRegen 1.08/turn                (no ring)
MPRegen 0.09/turn                (no ring)

@: no status effects
A: large, unfitting armour, claws 3, regeneration 1, shaggy fur 1, tough skin 1
a: no special abilities


You were on level 3 of the Dungeon.
You visited 1 branch of the dungeon, and saw 3 of its levels.

You collected 43 gold pieces.

Inventory:

Armour
 a - a +0 robe (worn)
 p - a +0 cloak (worn)
Wands
 m - a wand of charming (13)
Scrolls
 c - 3 scrolls of vulnerability {unknown}
 d - 3 scrolls of identify {unknown}
 e - 2 scrolls of enchant weapon {unknown}
 g - a scroll of teleportation {unknown}
 h - a scroll of silence {unknown}
 i - a scroll of poison {unknown}
 l - a scroll of magic mapping {unknown}
 o - a scroll of blinking {unknown}
 q - a scroll of enchant armour {unknown}
Potions
 b - a potion of ambrosia
 f - a potion of curing
 j - a potion of cancellation {unknown}
 k - a potion of heal wounds {unknown}
 n - 2 potions of mutation {unknown}


   Skills:
 - Level 3.1 Fighting
 - Level 3.0 Dodging
 - Level 1.6 Stealth
 + Level 4.5 Unarmed Combat


You had 4 spell levels left.
You didn't know any spells.
Your spell library contained the following spells:

 Spells                   Type           Power      Damage    Failure   Level
 Sting                    Tmut/Pois      0%         1d3       45%         1
 Poisonous Vapours        Pois/Air       0%         N/A       58%         2
 Olgreb's Toxic Radiance  Pois           0%         N/A       99%         4
 Petrify                  Tmut/Erth      0%         N/A       99%         4
 Metabolic Englaciation   Hex/Ice        0%         N/A       100%        5
 Statue Form              Tmut/Erth      0%         N/A       100%        6


Dungeon Overview and Level Annotations

Branches:
Dungeon (3/15)

Altars:

Annotations:
D:3 Robin


Innate Abilities, Weirdness & Mutations

You are too large for most types of armour.
You have claws for hands.
Your natural rate of healing is unusually fast.
You are covered in fur. (AC +1)
You have tough skin. (AC +1)


Message History

* * * LOW HITPOINT WARNING * * *
The hobgoblin hits you.
* * * LOW HITPOINT WARNING * * *
The goblin barely misses you.
You scratch Robin.
Robin is heavily wounded.
The goblin no longer looks unusually strong.
Robin roars a battlecry!
The goblin goes into a battle-frenzy!
The goblin hits you with a +0 club.
* * * LOW HITPOINT WARNING * * *
The goblin hits you with a +0 dagger.
* * * LOW HITPOINT WARNING * * *
The hobgoblin closely misses you. The goblin hits you but does no damage.
You scratch Robin.
Robin is heavily wounded.
Robin hits you with a +0 club.
* * * LOW HITPOINT WARNING * * *
The goblin closely misses you. The goblin hits you but does no damage.
The hobgoblin hits you but does no damage.
The goblin closely misses you.
You completely miss Robin.
Robin is heavily wounded.
The goblin no longer looks unusually strong.
Robin hits you with a +0 club.
* * * LOW HITPOINT WARNING * * *
The goblin hits you with a +0 club.
* * * LOW HITPOINT WARNING * * *
The goblin hits you with a +0 dagger.
* * * LOW HITPOINT WARNING * * *
The hobgoblin hits you.
* * * LOW HITPOINT WARNING * * *
The goblin hits you but does no damage.
You feel better. The goblin hits you but does no damage.
The goblin hits you with a +0 dagger.
* * * LOW HITPOINT WARNING * * *
The hobgoblin hits you.
* * * LOW HITPOINT WARNING * * *
Robin hits you with a +0 club.
You die...

......... #........
#......g. #.......#
#.......# .#
........##########
###.# #...)##.......#
#.#.#
#...:##g$.....###...#
##.#.g@g............#
#.#.g#g.$....##..#.#
#.#..#.......##..#.#
+....†...†......†..#
#.#..........##..#<#
+.......)........#)#
#......###...#####.#
#(.....#...........#
#......#...#########


You could see Robin, a hobgoblin (strong) and 3 goblins.

Vanquished Creatures
  Crazy Yiuf (D:2)
  Terence (D:2)
  A gnoll (D:1)
  4 adders
  A worm (D:2)
  A dart slug (D:1)
  An orc (D:2)
  5 ball pythons
  5 endoplasms
  A giant cockroach (D:1)
  13 goblins
  7 hobgoblins
  A jackal (D:2)
  4 kobolds
  A quokka (D:3)
  6 bats
  3 frilled lizards (D:1)
  8 rats
64 creatures vanquished.

Notes
Turn   | Place    | Note
-------+----------+-------------------------------------------
     0 | D:1      | Darius099 the Troll Monk began the quest for the Orb.
     0 | D:1      | Reached XP level 1. HP: 22/22 MP: 0/0
   192 | D:1      | Reached XP level 2. HP: 29/29 MP: 1/1
   274 | D:1      | Reached XP level 3. HP: 25/36 MP: 2/2
   881 | D:2      | Found a faded altar of an unknown god.
  1059 | D:2      | Reached XP level 4. HP: 44/44 MP: 3/3
  1078 | D:2      | Noticed Terence
  1100 | D:2      | HP: 2/45 [Terence/+0 short sword (5)]
  1102 | D:2      | Killed Terence
  1573 | D:2      | Found a runed translucent door.
  1574 | D:2      | Noticed Crazy Yiuf
  1859 | D:2      | Killed Crazy Yiuf
  1860 | D:2      | Reached skill level 4 in Unarmed Combat
  1860 | D:2      | Reached XP level 5. HP: 48/53 MP: 4/4
  1963 | D:3      | Noticed Robin
  1986 | D:3      | HP: 2/53 [hobgoblin[Robin] (1)]
  1987 | D:3      | Slain by Robin

Illustrated notes

Levels and vault maps discovered:
D:1:      heliophobic_arrival_ceremonial_halls, layout_basic
D:2:      layout_basic, shapermc_ecumenical_altar_notcrosses, minmay_tall_x,
          uniq_crazy_yiuf_cottage, uniq_terence
D:3:      layout_basic, uniq_robin

Skill      XL: |  1  2  3  4 |
---------------+-------------+-----
Fighting       | 3 |  3.1
Dodging        | 3 |  3.0
Unarmed Combat | 4 |  4.5
Stealth        | |  1.6

Action                     |  1- 3 |  4- 6 || total
---------------------------+-------+-------++-------
  Melee: Unarmed           |    99 |    78 ||   177
         Punch             |     2 |     1 ||     3
    Use: Potion            |       |     2 ||     2
   Stab: Sleeping          |     6 |       ||     6
 Armour: Robe              |    41 |    37 ||    78
  Dodge: Dodged            |    55 |    59 ||   114

Table legend: (Time is in decaauts)
 A = Elapsed time spent in this place.
 B = Non-inter-level travel time spent in this place.
 C = Inter-level travel time spent in this place.
 D = Time resting spent in this place.
 E = Time spent auto-exploring this place.
 F = Levels seen in this place.
 G = Mean time per level.
                   A        B        C        D        E       F      G
               +--------+--------+--------+--------+--------+-----+--------+
         Total |   1983 |   1970 |     13 |     54 |   1495 |   3 |  661.0 |
       Dungeon |   1983 |   1970 |     13 |     54 |   1495 |   3 |  661.0 |
               +--------+--------+--------+--------+--------+-----+--------+

Top non-repeatable levels by time:
     D:2: 1112 daAuts
     D:1: 796 daAuts
     D:3: 73 daAuts
